Map: Lightshade LE

Players

A.I. 1 (Very Easy) - Winner!

  • Race: Terran Terran
  • Spawn Location: 5:00

TLHarstem (Harstem)

  • Race: Protoss Protoss
  • Spawn Location: 11:00

VOD

https://www.youtube.com/watch?v=firKQHSxag8

Description

A standard 4gate glaive build but utilising the opener that parting used in IEM katowice which makes the build measurably better.

Time

  • Played on: Feb. 4, 2021, 2:30 a.m.
  • Length: 4:42
Show
View Real Time Build Order
Export as new Build Order

A.I. 1 (Very Easy) Terran - Winner!

Build Orders:  

Get SALT Encoding   

  12  0:00  SCV  
  13  0:13  SCV  
  14  0:18  Supply Depot  
  14  0:37  Refinery  
  14  0:42  Barracks  
  14  1:05  Supply Depot  
  14  1:11  Refinery  
  14  1:29  SCV  
  14  1:30  Marine  
  16  1:41  SCV  
  17  1:53  SCV  
  18  2:02  Marine  
  18  2:05  SCV  
  20  2:18  SCV  
  21  2:30  SCV  
  21  2:34  Marine  
  23  2:42  Orbital Command  
Show
View Real Time Build Order
Export as new Build Order

TLHarstem Protoss 

Build Orders: 1 Gate Expand, Mass Adepts 

Get SALT Encoding   

  12  0:00  Probe  
  13  0:12  Probe  
  14  0:17  Pylon  
  14  0:27  Probe  
  15  0:35  Gateway  
  15  0:39  Probe (Chrono Boost)  
  16  0:48  Probe (Chrono Boost)  
  17  0:53  Probe (Chrono Boost)  
  18  1:13  Nexus  
  18  1:20  Assimilator  
  18  1:29  Cybernetics Core  
  18  1:31  Probe  
  19  1:38  Pylon  
  19  1:43  Probe  
  19  1:46  Assimilator  
  20  1:55  Probe  
  21  2:05  Warp Gate  
  21  2:06  Probe  
  22  2:10  Adept (Chrono Boost)  
  22  2:14  Probe (Chrono Boost)  
  25  2:25  Probe (Chrono Boost)  
  25  2:27  Probe (Chrono Boost)  
  27  2:31  Stalker  
  27  2:35  Probe (Chrono Boost)  
  31  2:37  Probe (Chrono Boost)  
  31  2:40  Probe (Chrono Boost)  
  31  2:41  Twilight Council  
  32  2:46  Probe  
  33  2:51  Probe  
  33  2:55  Gateway  
  33  2:58  Probe  
  35  3:04  Robotics Facility  
  35  3:05  Probe  
  36  3:12  Adept  
  38  3:20  Gateway  
  38  3:21  Gateway  
  38  3:23  Probe  
  38  3:25  Probe  
  40  3:30  Pylon  
  40  3:35  Probe  
  40  3:37  Probe  
  42  3:43  Pylon  
  43  3:52  Warp Prism (Chrono Boost)  
  43  3:53  Adept  
  43  3:54  Adept  
  46  3:58  Probe  
  46  4:01  Pylon  
  49  4:03  Probe  
  50  4:10  Probe  
  50  4:15  Adept x2  
  50  4:16  Adept  
  57  4:18  Adept  
  57  4:20  Probe  
  57  4:22  Probe  
  61  4:26  Pylon  
  61  4:38  Adept x4  
Tags
 
Composition
Mass Adepts
Matchup
PvT
Player
Harstem
Spawn Locations
Cross Positions
Add a new tag
Caveats
  • Supply blocks, unpowered buildings, or Contaminate may cause inaccurate times.
  • Supply counts are checked every 10 seconds.